 Dungeon Crawl Stone Soup version 0.31.0-4-g52a2dc7128 (webtiles) character file.

Game seed: 3814751807217235337

285415 Mahakala the Executioner (level 19, -13/168 (185) HPs)
             Began as a Minotaur Berserker on Jan 21, 2024.
             Was a High Priest of Trog.
             Mangled by a +2 dire flail of protection (17 damage)
             ... animated by Zenata
             ... on level 1 of the Vaults.
             The game lasted 02:33:42 (36294 turns).

Mahakala the Executioner (Minotaur Berserker)      Turns: 36294, Time: 02:33:43

HP:   -13/168 (185) AC: 32    Str: 35    XL:     19   Next: 81%
MP:   18/18         EV: 16    Int: 12    God:    Trog [*****.]
Gold: 1081          SH:  0    Dex: 15    Spells: 18/18 levels left

rFire   . . .        T - +2 executioner's axe of Blood-Lust {flame, Str+4}
rCold   + . .        (shield currently unavailable)
rNeg    . . .        H - +6 chain mail of Distant Shores {rF+ rC+ Int+4}
rPois   +            (helmet restricted)
rElec   .            G - +1 cloak {rPois}
rCorr   .            K - +0 pair of gloves
SInv    .            M - +1 pair of boots
Will    ++...        (no amulet) Stlth
                     l - ring of willpower
HPRegen 0.48/turn    m - ring "Inosaq" {rF- AC+4 Str+3 Int+4 Dex+3}
MPRegen 0.16/turn

%: no passive effects
@: lethally poisoned (-13 -> -16), drained
A: horns 2, retaliatory headbutt
}: 2/15 runes: decaying, serpentine
a: Renounce Religion, Berserk, Trog's Hand, Brothers in Arms


You were on level 1 of the Vaults.
You worshipped Trog.
Trog was extremely pleased with you.
You visited 6 branches of the dungeon, and saw 31 of its levels.
You also visited: Ossuary, Gauntlet, Ice Cave and Volcano.

You collected 2974 gold pieces.
You spent 1893 gold pieces at shops.

Inventory:

Hand Weapons
 J - a +2 antimagic executioner's axe
 T - the +2 executioner's axe of Blood-Lust (weapon) {flame, Str+4}
   (Trog gifted it to you on level 13 of the Dungeon)

   Str+4:     It affects your strength (+4).
Missiles
 i - 6 boomerangs
 j - 4 javelins (quivered)
 R - 2 curare-tipped darts {!f}
Armour
 G - a +1 cloak of poison resistance (worn)
 H - the +6 chain mail of Distant Shores (worn) {rF+ rC+ Int+4}
   (You found it on level 7 of the Dungeon)

   Int+4:     It affects your intelligence (+4).
   rF+:       It protects you from fire.
   rC+:       It protects you from cold.
 K - a +0 pair of gloves (worn)
 M - a +1 pair of boots (worn)
Jewellery
 k - the ring of Obekkocve {rPois rC- EV+5 Int+8}
   (You found it in a Gauntlet)

   [ring of evasion]

   EV+5:      It affects your evasion (+5).
   Int+8:     It affects your intelligence (+8).
   rC-:       It makes you vulnerable to cold.
   rPois:     It protects you from poison
 l - a ring of willpower (left hand)
 m - the ring "Inosaq" (right hand) {rF- AC+4 Str+3 Int+4 Dex+3}
   (You found it in a Gauntlet)

   [ring of protection]

   AC+4:      It affects your AC (+4).
   Str+3:     It affects your strength (+3).
   Int+4:     It affects your intelligence (+4).
   Dex+3:     It affects your dexterity (+3).
   rF-:       It makes you vulnerable to fire.
 p - a +4 ring of protection
 z - a ring of see invisible
 U - a ring of protection from fire
 Z - the ring of Disaster {Wiz rElec rC+}
   (You found it on level 3 of the Lair of Beasts)

   [ring of wizardry]

   Wiz:       It improves your spell success rate.
   rC+:       It protects you from cold.
   rElec:     It insulates you from electricity.
Wands
 c - a wand of mindburst (5)
 d - a wand of iceblast (33)
 t - a wand of flame (9)
 u - a wand of paralysis (33)
 v - a wand of digging (4)
 x - a wand of light (9)
Scrolls
 a - 2 scrolls of vulnerability
 b - a scroll of fog
 e - 15 scrolls of teleportation {@r4}
 f - 5 scrolls of poison
 h - 3 scrolls of summoning
 s - 5 scrolls of enchant weapon
 y - 5 scrolls of revelation
 A - 3 scrolls of silence
 B - 2 scrolls of fear
 E - 4 scrolls of enchant armour
 L - 2 scrolls of blinking {@r3}
Potions
 g - 3 potions of cancellation
 n - 8 potions of haste {@q3}
 r - 10 potions of curing {@q1}
 w - 5 potions of might
 C - 2 potions of magic
 D - 5 potions of lignification
 F - 4 potions of resistance
 I - 5 potions of ambrosia
 N - 6 potions of enlightenment
 P - 4 potions of attraction
 S - 4 potions of mutation
 V - a potion of invisibility
 Y - 8 potions of heal wounds {@q2}
Miscellaneous
 o - a box of beasts
 Q - a phantom mirror
 X - a tin of tremorstones (2/2)


   Skills:
 - Level 20.1 Fighting
 - Level 24.0 Axes
 - Level 12.5 Throwing
 - Level 20.0 Armour
 + Level 13.3 Dodging
 - Level 7.0 Evocations


You had 18 spell levels left.
You didn't know any spells.
Your spell library was empty.

Dungeon Overview and Level Annotations

Branches:
Dungeon (15/15)            Temple (0/1) D:5            Lair (5/5) D:11
  Swamp (4/4) Lair:2        Snake (4/4) Lair:2        Slime (0/5) Lair:4
    Orc (2/2) D:9             Elf (0/3) Orc:2        Vaults (1/5) D:13
 Depths (0/4) D:15        Ossuary (visited)           IceCv (visited)
Volcano (visited)         Gauntlet (visited)

Altars:
Cheibriados
Elyvilon
Fedhas
Gozag
Hepliaklqana
Kikubaaqudgha
Makhleb
Nemelex Xobeh
Qazlal
Trog
Vehumet
Zin
Jiyva
Lugonu

Shops:
D:10 [   D:15 *   Orc:2 (=!:   Snake:1 *   Snake:3 :*=   Snake:4 [

Portals:
Abyss: Lair:5
Trove: D:10 (give +3 gold dragon scales)

Annotations:
D:6 1 runed translucent door, Crazy Yiuf
D:11 exclusion: door
Lair:5 1 exclusion
Vaults:1 Zenata


Innate Abilities, Weirdness & Mutations

You have a pair of horns on your head.
You reflexively headbutt those who attack you in melee.


Message History

You throw a javelin.
The javelin pierces through the +2 mace of protection!
The +2 mace of protection is moderately damaged.
The javelin closely misses the +0 trident of protection.
The javelin pierces through Zenata!!!
Zenata is severely wounded.
You feel sick.
Throw: 6 javelins
Press: ? - help, Q - select action, (/) - cycle Shift-Dir - straight line, f/p - Zenata
Aim: Zenata, wielding a +3 bardiche of venom and wearing a +0 leather armour (severely wounded, 72% to hit)
You throw a javelin.
The javelin pierces through the +2 mace of protection but does no damage.
The +2 mace of protection is moderately damaged.
The javelin misses the +0 trident of protection.
The javelin barely misses Zenata.
You feel sick.
The +2 mace of protection hits you but does no damage.
The +0 trident of protection closely misses you.
The +4 scimitar of protection hits you but does no damage.
The +2 mace of protection hits you.
* * * LOW HITPOINT WARNING * * *
The +0 trident of protection misses you.
The +4 scimitar of protection barely misses you.
The +2 dire flail of protection hits you but does no damage.
Throw: 5 javelins
Press: ? - help, Q - select action, (/) - cycle Shift-Dir - straight line, f/p - Zenata
Aim: Zenata, wielding a +3 bardiche of venom and wearing a +0 leather armour (severely wounded, 72% to hit)
You throw a javelin.
The javelin barely misses the +2 mace of protection.
The javelin closely misses the +0 trident of protection.
The javelin barely misses Zenata.
The javelin pierces through the red ugly thing!!!
The red ugly thing is severely wounded.
You feel sick.
The +2 mace of protection hits you but does no damage.
The +0 trident of protection hits you but does no damage.
The +4 scimitar of protection hits you.
* * * LOW HITPOINT WARNING * * *
The +2 dire flail of protection hits you!
You die...

#.....#.#.....##...#
#..####.####..##...# #### ...
#####...# ##### #...# #...#
#...#
###########################...##
........up...((.................
.....u..ua...((@.[..............
....uu..(.....(.................
#######+###################...##
#...# #.^.# #?..# ...#


You could see Zenata, 2 ugly things, an arcanist and 4 dancing weapons.

Vanquished Creatures
  Mlioglotl (Swamp:4)
  A quicksilver dragon (Snake:4)
  Gastronok (Lair:2)
  2 thorn hunters
  4 nagarajas
  Aizul (Snake:2)
  2 fenstrider witches
  A fire giant (D:15)
  An orc warlord (Vaults:1)
  A cacodemon (Gauntlet)
  2 ironbound preservers (Vaults:1)
  A stone giant (Volcano)
  A dire elephant (Lair:2)
  5 eleionomae
  A minotaur (Gauntlet)
  6 bunyips
  Snorg (D:14)
  6 salamander tyrants (Snake:4)
  2 ghost crabs (Swamp:1)
  An ice dragon (Lair:5)
  19 hydras
  18 alligators
  3 ogre magi
  2 catoblepae
  9 anacondas
  6 centaur warriors
  11 two-headed ogres
  2 tengu warriors (D:14)
  6 boulder beetles
  13 naga warriors
  3 death yaks
  2 orc high priests
  4 shock serpents
  4 thrashing horrors (Lair:5)
  9 naga sharpshooters
  A deep elf knight (D:11)
  Nergalle (D:12)
  A skyshark (Lair:2)
  2 salamander mystics
  12 mana vipers
  7 sea snakes (Snake:3)
  7 naga ritualists
  3 goliath frogs
  8 swamp dragons
  An arcanist (D:14)
  2 bog bodies
  2 ironbound convokers (Vaults:1)
  3 spriggan druids
  A deep elf archer (D:13)
  4 deep elf pyromancers
  2 orc knights
  2 large abominations (Lair:5)
  11 orc sorcerers
  A cyclops (shapeshifter) (Lair:5)
  4 will-o-the-wisps
  5 cyclopes
  23 ugly things
  14 salamanders
  A manticore (D:11)
  A meliai (D:14)
  5 kobold blastminers
  31 elephants
  3 guardian serpents
  46 black mambas
  A guardian serpent (shapeshifter) (D:14)
  2 ice statues (IceCv)
  3 vault sentinels (Vaults:1)
  9 naga magi
  2 smoke demons
  A gargoyle (Volcano)
  A torpor snail (Lair:3)
  A molten gargoyle (Volcano)
  11 cane toads
  3 unseen horrors
  3 yaktaurs (D:13)
  2 rime drakes
  4 kobold demonologists
  Psyche (D:10)
  An efreet (Volcano)
  2 ice devils (Orc:2)
  11 komodo dragons
  A freezing wraith (IceCv)
  3 trolls
  8 tyrant leeches
  Grinder (D:6)
  A bloated husk (Swamp:2)
  27 blink frogs
  6 hornets
  4 raiju (Lair:5)
  7 dream sheep (Lair:5)
  5 slime creatures
  A centaur simulacrum (D:15)
  3 ynoxinuls (Lair:5)
  3 wyverns
  7 spriggans
  4 water elementals (D:15)
  9 basilisks
  A steam dragon (D:7)
  38 yaks
  4 fire bats (Volcano)
  A human (shapeshifter) (D:15)
  4 fire elementals (Volcano)
  4 wargs
  Menkaure (D:7)
  14 vampire mosquitoes
  A naga (shapeshifter) (D:15)
  10 swamp worms
  27 nagas
  2 acid dragons
  Edmund (D:4)
  12 small abominations (Lair:5)
  17 water moccasins
  A meliai simulacrum (D:14)
  24 orc warriors
  An ice beast (D:7)
  6 swamp drakes (Swamp:4)
  2 black bears
  4 laughing skulls
  8 wolves
  7 centaurs
  4 boggarts (D:14)
  A tengu (shapeshifter) (Lair:5)
  20 ogres
  4 elf zombies (Ossuary)
  7 kobold brigands
  Blork the orc (D:4)
  12 bullfrogs
  3 gnoll sergeants
  2 scorpions
  7 wights (D:9)
  A burial acolyte (Ossuary)
  An elephant simulacrum (IceCv)
  5 electric eels (D:15)
  3 killer bees (D:9)
  2 bombardier beetles (D:5)
  5 lava snakes (Volcano)
  3 crimson imps (Gauntlet)
  9 howler monkeys
  A centaur zombie (Ossuary)
  2 human zombies (Ossuary)
  12 orc priests
  2 hounds
  2 gnoll boudas (D:8)
  6 iguanas
  4 jellies
  A sleepcap (D:5)
  Terence (D:3)
  Jessica (D:15)
  28 orc wizards
  Natasha (thrice) (D:2)
  2 polar bear simulacra (IceCv)
  A bullfrog simulacrum (Ossuary)
  A hound zombie (Ossuary)
  3 mummies (Ossuary)
  25 gnolls
  12 adders
  3 white imps (Lair:5)
  2 ufetubi (D:6)
  An adder zombie (Ossuary)
  2 ribbon worms (D:2)
  6 dart slugs
  59 orcs
  2 bats (D:3)
  8 endoplasms
  6 giant cockroaches
  A gnoll zombie (Ossuary)
  13 goblins
  10 hobgoblins
  7 jackals
  27 kobolds
  2 quokkas
  10 ball pythons
  7 ball python zombies (Ossuary)
  3 frilled lizards
  8 jackal zombies (Ossuary)
  2 kobold zombies (Ossuary)
  2 orc zombies (Ossuary)
  4 rats
1076 creatures vanquished.

Vanquished Creatures (collateral kills)
  Vashnia (Snake:2)
  A spriggan druid (Swamp:3)
  A mana viper (Snake:2)
  A will-o-the-wisp (Swamp:4)
  A hornet (Swamp:3)
  3 spriggans (Swamp:3)
  2 chaos spawn (Gauntlet)
  3 neqoxecs (Gauntlet)
  A swamp worm (Swamp:1)
  A swamp drake (Swamp:1)
15 creatures vanquished.

Vanquished Creatures (others)
  An ogre mage (D:13)
  A salamander (Snake:4)
  A swamp worm (Swamp:1)
  An orc wizard (Orc:2)
  12 foxfires
  2 starspawn tentacles (Swamp:4)
18 creatures vanquished.

Grand Total: 1109 creatures vanquished

Notes
Turn   | Place    | Note
-------+----------+-------------------------------------------
     0 | D:1      | Mahakala the Minotaur Berserker began the quest for the
                  | Orb.
     0 | D:1      | Reached XP level 1. HP: 19/19 MP: 0/0
    77 | D:1      | Reached skill level 4 in Axes
   136 | D:1      | Reached XP level 2. HP: 26/26 MP: 1/1
   347 | D:1      | Found a faded altar of an unknown god.
   483 | D:1      | Reached skill level 5 in Axes
   522 | D:1      | Reached XP level 3. HP: 31/31 MP: 2/2
   827 | D:2      | Noticed Natasha
   833 | D:2      | Killed Natasha
   879 | D:2      | Reached ** piety under Trog
   924 | D:2      | Reached skill level 6 in Axes
   924 | D:2      | Reached XP level 4. HP: 39/39 MP: 3/3
   969 | D:2      | Noticed Natasha
   974 | D:2      | Killed Natasha
  1265 | D:2      | Noticed Natasha
  1270 | D:2      | Killed Natasha
  1271 | D:2      | Reached XP level 5. HP: 47/47 MP: 4/4
  2013 | D:3      | Noticed Terence
  2024 | D:3      | Killed Terence
  2025 | D:3      | Reached skill level 5 in Fighting
  2357 | D:4      | Reached XP level 6. HP: 52/56 MP: 5/5
  2468 | D:4      | Reached *** piety under Trog
  2508 | D:4      | Reached skill level 7 in Axes
  2581 | D:4      | Noticed Edmund
  2588 | D:4      | Killed Edmund
  2589 | D:4      | Reached skill level 8 in Axes
  2661 | D:4      | Noticed Blork the orc
  2667 | D:4      | Killed Blork the orc
  2668 | D:4      | Reached XP level 7. HP: 61/61 MP: 6/6
  2734 | D:4      | Reached skill level 9 in Axes
  2881 | D:4      | Found a hazy altar of Hepliaklqana.
  2882 | D:4      | Found a burning altar of Makhleb.
  3336 | D:5      | Entered Level 5 of the Dungeon
  3415 | D:5      | Found a staircase to the Ecumenical Temple.
  3531 | D:5      | Found a sand-covered staircase.
  3540 | Ossuary  | Entered an ossuary
  3686 | Ossuary  | Reached **** piety under Trog
  3703 | Ossuary  | Reached skill level 10 in Axes
  3710 | Ossuary  | Reached XP level 8. HP: 73/73 MP: 7/7
  4229 | D:5      | Found a snail-covered altar of Cheibriados.
  4522 | D:6      | Reached skill level 10 in Fighting
  4522 | D:6      | Reached skill level 11 in Axes
  4611 | D:6      | Noticed Grinder
  4619 | D:6      | Killed Grinder
  4620 | D:6      | Reached skill level 1 in Throwing
  5179 | D:6      | Found a runed translucent door.
  5180 | D:6      | Noticed Crazy Yiuf
  5207 | D:7      | Noticed Menkaure
  5211 | D:7      | Killed Menkaure
  5212 | D:7      | Reached skill level 5 in Armour
  5291 | D:7      | Identified the +6 chain mail of Distant Shores {rF+ rC+
                  | Int+4}
  5396 | D:7      | Reached XP level 9. HP: 79/85 MP: 8/8
  5659 | D:7      | Found an opulent altar of Gozag.
  5945 | D:8      | Reached skill level 12 in Axes
  6059 | D:7      | Reached skill level 5 in Throwing
  6792 | D:9      | Reached skill level 13 in Axes
  7045 | D:9      | Reached XP level 10. HP: 93/93 MP: 9/9
  7148 | D:9      | Reached ***** piety under Trog
  7251 | D:9      | Found a staircase to the Orcish Mines.
  7367 | D:9      | Reached skill level 14 in Axes
  7651 | D:10     | Entered Level 10 of the Dungeon
  7723 | D:10     | Reached skill level 15 in Axes
  7995 | D:10     | Noticed Psyche
  8016 | D:10     | Killed Psyche
  8067 | D:10     | Found a stormy altar of Qazlal.
  8067 | D:10     | Found an ancient bone altar of Kikubaaqudgha.
  8067 | D:10     | Found a glowing silver altar of Zin.
  8067 | D:10     | Found a bloodstained altar of Trog.
  8070 | D:10     | Noticed a two-headed ogre
  8075 | D:10     | Killed a two-headed ogre
  8076 | D:10     | Reached skill level 16 in Axes
  8078 | D:10     | Found a white marble altar of Elyvilon.
  8078 | D:10     | Found a blossoming altar of Fedhas.
  8237 | D:10     | Reached XP level 11. HP: 99/99 MP: 10/10
  8567 | D:10     | Found Pidd's Armour Boutique.
  8673 | D:10     | Found a portal to a secret trove of treasure.
  9078 | D:11     | Noticed a two-headed ogre
  9089 | D:11     | Killed a two-headed ogre
  9205 | D:11     | Noticed a two-headed ogre
  9217 | D:11     | Killed a two-headed ogre
  9291 | D:11     | Noticed a sun demon
  9510 | D:11     | Found a staircase to the Lair.
  9601 | D:11     | Identified the +2 dagger "Tonem" {heavy, ^Drain Will+
                  | Dex+4}
 10124 | D:11     | Noticed a deep elf knight
 10134 | D:11     | Killed a deep elf knight
 10312 | Lair:1   | Entered Level 1 of the Lair of Beasts
 10647 | Lair:1   | Reached skill level 10 in Throwing
 11025 | Lair:1   | Reached XP level 12. HP: 110/115 MP: 11/11
 11187 | Lair:1   | Reached skill level 10 in Armour
 11689 | Lair:2   | Found a staircase to the Swamp.
 11695 | Lair:2   | Found a dark tunnel.
 11740 | Lair:2   | Reached skill level 15 in Fighting
 11754 | Volcano  | Entered a volcano
 11898 | Volcano  | Noticed a stone giant
 11916 | Volcano  | Killed a stone giant
 12017 | Volcano  | Found a burning altar of Makhleb.
 12068 | Volcano  | Found a bloodstained altar of Trog.
 12539 | Lair:2   | Noticed Gastronok
 12554 | Lair:2   | Killed Gastronok
 12555 | Lair:2   | Reached XP level 13. HP: 128/128 MP: 12/12
 12558 | Lair:2   | Found a staircase to the Snake Pit.
 12589 | Lair:2   | Identified the +1 robe of the Bursted God {-Tele Regen+
                  | Slay-2 Archmagi}
 12856 | Lair:2   | Reached skill level 5 in Dodging
 13011 | Lair:2   | Noticed a dire elephant
 13030 | Lair:2   | Killed a dire elephant
 13033 | Lair:2   | Reached skill level 17 in Axes
 13281 | Lair:2   | Received a gift from Trog
 13661 | Lair:3   | Reached skill level 18 in Axes
 14090 | Lair:3   | Identified the ring of Disaster {Wiz rElec rC+}
 14431 | Lair:4   | Reached skill level 19 in Axes
 14963 | Lair:4   | Found a viscous altar of Jiyva.
 14963 | Lair:4   | Found a staircase to the Slime Pits.
 15420 | Lair:5   | Entered Level 5 of the Lair of Beasts
 15612 | Lair:5   | Reached skill level 20 in Axes
 15612 | Lair:5   | Reached XP level 14. HP: 80/137 MP: 13/13
 16056 | Lair:5   | Reached ****** piety under Trog
 16404 | Lair:5   | Received a gift from Trog
 17030 | Lair:5   | Found a corrupted altar of Lugonu.
 17030 | Lair:5   | Found a one-way gate to the infinite horrors of the Abyss.
 17052 | Lair:5   | Reached XP level 15. HP: 155/155 MP: 14/14
 17053 | Lair:5   | Reached XP level 16. HP: 162/162 MP: 15/15
 17635 | D:12     | Noticed Nergalle
 17644 | D:12     | Killed Nergalle
 18113 | D:13     | Identified the +2 executioner's axe of Blood-Lust {flame,
                  | Str+4} (Trog gifted it to you on level 13 of the Dungeon)
 18113 | D:13     | Received a gift from Trog
 18113 | D:13     | Paralysed by an ogre mage for 4 turns
 18181 | D:13     | Found a gate leading to a gauntlet.
 18207 | Gauntlet | Entered a Gauntlet
 18207 | Gauntlet | Found a transporter.
 18207 | Gauntlet | Found a transporter.
 18215 | Gauntlet | Found a transporter.
 18219 | Gauntlet | Found a transporter.
 18225 | Gauntlet | Found a runed translucent gate.
 18225 | Gauntlet | Found a runed translucent gate.
 18225 | Gauntlet | Found a runed translucent gate.
 18227 | Gauntlet | Found a transporter.
 18231 | Gauntlet | Found a transporter.
 18235 | Gauntlet | Found a runed translucent door.
 18235 | Gauntlet | Found a runed translucent door.
 18239 | Gauntlet | Found a transporter.
 18255 | Gauntlet | Found a transporter.
 18259 | Gauntlet | Found a transporter.
 18279 | Gauntlet | Found a transporter.
 18290 | Gauntlet | Found a transporter.
 18294 | Gauntlet | Found a transporter.
 18614 | Gauntlet | Identified the ring of Obekkocve {rPois rC- EV+5 Int+8}
 18642 | Gauntlet | Reached XP level 17. HP: 170/170 MP: 16/16
 18647 | Gauntlet | Identified the ring "Inosaq" {rF- AC+4 Str+3 Int+4 Dex+3}
 19586 | D:13     | Found a gate to the Vaults.
 20073 | D:14     | Noticed Snorg
 20088 | D:14     | Killed Snorg
 20096 | D:14     | Reached skill level 10 in Dodging
 20638 | D:14     | Received a gift from Trog
 21044 | D:15     | Entered Level 15 of the Dungeon
 21151 | D:15     | Found a staircase to the Depths.
 21383 | D:15     | Identified the +6 falchion of Gozag's Vengeance {heavy,
                  | Int+6}
 21571 | D:15     | Found Zin's Purification Station.
 21574 | D:15     | Found a glowing silver altar of Zin.
 21595 | D:15     | Found a sparkling altar of Nemelex Xobeh.
 21595 | D:15     | Noticed Jessica
 21603 | D:15     | Killed Jessica
 21816 | D:15     | Reached skill level 21 in Axes
 22295 | Swamp:1  | Entered Level 1 of the Swamp
 22495 | Snake:1  | Entered Level 1 of the Snake Pit
 22538 | Snake:1  | Found Gemon's Assorted Antiques.
 22555 | Snake:1  | Bought a cabochon ring for 180 gold pieces
 22555 | Snake:1  | Bought a twisted steel ring for 180 gold pieces
 22555 | Snake:1  | Bought a scroll of identify for 72 gold pieces
 22923 | Snake:1  | Received a gift from Trog
 23519 | Snake:2  | Reached skill level 22 in Axes
 24444 | Snake:2  | Reached skill level 15 in Armour
 24454 | Snake:2  | Reached XP level 18. HP: 153/178 MP: 17/17
 24627 | Snake:2  | Identified the serpent talisman of Trumpets {rC+ Will++
                  | Str+4 Int+6}
 24627 | Snake:2  | Noticed Aizul
 24644 | Snake:2  | Killed Aizul
 25058 | Snake:2  | Noticed Vashnia
 25099 | Snake:2  | HP: 8/178 [Vashnia/arrow (26)]
 25100 | Snake:2  | HP: 3/178 [Vashnia/arrow (2)]
 25102 | Snake:2  | Killed Vashnia
 25102 | Snake:2  | Received a gift from Trog
 26022 | Snake:3  | Reached skill level 23 in Axes
 26376 | Snake:3  | Found Sufolad's Jewellery Emporium.
 26476 | Snake:3  | Found Enwoemo Piel's Book Shoppe.
 26616 | Snake:3  | Found Fioxken's CLEARANCE SALE!.
 26625 | Snake:3  | Bought a scroll of identify for 10 gold pieces
 27573 | Snake:4  | Entered Level 4 of the Snake Pit
 27929 | Snake:4  | Reached skill level 24 in Axes
 28545 | Snake:4  | Found Xacw's Antique Armour Emporium.
 28559 | Snake:4  | Bought a runed plate armour for 884 gold pieces
 28559 | Snake:4  | Bought a runed cloak for 255 gold pieces
 29456 | Snake:4  | Received a gift from Trog
 29667 | Snake:4  | Reached skill level 5 in Evocations
 30381 | Snake:4  | Got a serpentine rune of Zot
 30615 | Swamp:1  | You are sucked into a shaft and drop 1 floor!
 30880 | Swamp:1  | HP: 3/166 [ghost crab] (7)]
 30892 | Swamp:1  | HP: 7/160 [spectral fenstrider witch[a ghost crab] (5)]
 30902 | Swamp:1  | Received a gift from Trog
 31946 | Swamp:2  | Reached XP level 19. HP: 173/181 MP: 18/18
 32516 | Swamp:4  | Entered Level 4 of the Swamp
 32920 | Swamp:4  | Received a gift from Trog
 33411 | Swamp:4  | Got a decaying rune of Zot
 33606 | Swamp:4  | Noticed Mlioglotl
 33619 | Swamp:4  | Killed Mlioglotl
 34097 | Orc:1    | Entered Level 1 of the Orcish Mines
 34551 | Orc:2    | Entered Level 2 of the Orcish Mines
 34636 | Orc:2    | Found a staircase to the Elven Halls.
 34780 | Orc:2    | Received a gift from Trog
 34797 | Orc:2    | Found a frozen archway.
 34815 | IceCv    | Entered an ice cave
 34834 | IceCv    | Found a transporter.
 34940 | IceCv    | Found a transporter.
 35393 | Orc:2    | Found Lil Tey's Jewellery Emporium.
 35411 | Orc:2    | Found Dastri Etos's Book Shoppe.
 35459 | Orc:2    | Found an ancient bone altar of Kikubaaqudgha.
 35494 | Orc:2    | Found a radiant altar of Vehumet.
 35620 | Orc:2    | Received a gift from Trog
 35642 | Orc:2    | Found Deewuy's Distillery.
 35645 | Orc:2    | Found Ovytom's Antique Weapon Shoppe.
 35665 | Orc:2    | Bought a potion of haste for 130 gold pieces
 35665 | Orc:2    | Bought a potion of might for 52 gold pieces
 35665 | Orc:2    | Bought a potion of resistance for 130 gold pieces
 36070 | Vaults:1 | Entered Level 1 of the Vaults
 36280 | Vaults:1 | Noticed Zenata
 36294 | Vaults:1 | HP: 4/168 [+4 scimitar of protection[Zenata] (5)]
 36294 | Vaults:1 | Mangled by a +2 dire flail of protection

Illustrated notes

Levels and vault maps discovered:
D:1:      wander_arrival_desolate, layout_loops_cross,
          shapermc_ecumenical_altar_starsandcircs, minmay_pentomino_w4
D:2:      layout_rooms, roderic_serpentine_path, minmay_surrounded, uniq_natasha
D:3:      layout_basic, uniq_terence
D:4:      layout_basic, nicolae_overflow_squiral, minmay_manual_mandibuliform,
          uniq_edmund, uniq_blork_the_orc
D:5:      layout_basic, chei_slow_surprise, minmay_temple_entry_wispy,
          enter_ossuary_3
D:6:      layout_loops_ring, uniq_crazy_yiuf_cottage, uniq_grinder
D:7:      layout_rooms, grunt_gozag_breadcrumbs, uniq_menkaure
D:8:      layout_layer_cave
D:9:      layout_roguey, columned_hall_lemuel
D:10:     layout_basic, minmay_overflow_temple_hex, serial_shops,
          nicolae_shop_just_a_little_nook, nicolae_trove_entry_diagonal,
          uniq_psyche
D:11:     evilmike_iron_armoury, layout_basic, lair_entry_dummy
D:12:     layout_roguey, uniq_nergalle
D:13:     layout_irregular_city, hangedman_vaults_entry_quadrant_bands,
          gauntlet_entry_generic, minmay_misc_feat_four_crosses,
          minmay_misc_feat_rugged, kennysheep_generic_room_13
D:14:     layout_loops_ring, minmay_staircase_bubble,
          small_chamber_with_monster, uniq_snorg
D:15:     grunt_enter_depths_giant_problem, layout_basic,
          nemelex_lonely_heart_becter, zin_purify
Lair:1:   layout_long_grid, hibernation_bobbens
Lair:2:   mu_elephants_graveyard, layout_loops_ring, skrybe_swamp_entry_bodies,
          minmay_snake_entry_six_corridors, nicolae_volcano_entry_lava_flow,
          infiniplex_staircase_pool, uniq_gastronok
Lair:3:   layout_roguey
Lair:4:   layout_regular_city, minmay_slime_entry_pillars, grunt_megastairs_4,
          lemuel_fruit_tree
Lair:5:   hellmonk_lair_end_abyssal_woods, layout_cave_shapes,
          chequers_serial_rivers_micro_a, bobbens_ice_dragon_lair
Swamp:1:  layout_basic_swamp, evilmike_swamp_ruin_house_2, swamp_pool_3
Swamp:2:  layout_basic_swamp, evilmike_swamp_ruin_house_1
Swamp:3:  layout_basic_swamp, nicolae_swamp_well_well_well,
          nicolae_swamp_decorative_isthmus
Swamp:4:  swamp, layout_basic_swamp, hangedman_swamp_lotus, uniq_mlioglotl
Snake:1:  layout_onion_interference, serial_shops,
          nicolae_shop_just_a_little_nook, grunt_megastairs_3
Snake:2:  layout_gridlike, serial_library_hellmonk_long_bookcase,
          grunt_megastairs_1, uniq_aizul, uniq_vashnia
Snake:3:  nicolae_sea_snake_s, layout_onion_interference, grunt_ministairs_4,
          st_stairs_11, serial_bayou_pond_b, nicolae_shop_clearance,
          minmay_shoptagon, serial_bayou_shore_a, serial_bayou_shore_b
Snake:4:  hellmonk_snake_rune_quicksilver_temple, layout_chambers, serial_shops,
          nicolae_shop_tiny_glass, abandoned_shop
Orc:1:    nicolae_orc_accident_3, layout_diamond_mine, basic_altar
Orc:2:    kennysheep_orc_mage_school, layout_caves,
          portal_ice_cave_demonic_guard
Vaults:1: nicolae_vaults_you_can_take_it_with_you,
          nicolae_vaults_twisting_passages, v_misc_8,
          nicolae_vaults_network_square, hangedman_vaults_trim,
          nicolae_vaults_variable_pillar_hall, nicolae_vaults_tetromino_T_2,
          v_rooms_5, nicolae_vaults_little_squares_1,
          vaults_room_grunt_arrival_ludios, nicolae_vaults_apartment_1,
          layout_vaults_big_cross, uniq_norris, uniq_zenata

Skill      XL: |  1  2  3  4  5  6  7  8  9 10 11 12 13 14 15 16 17 18 19 |
---------------+----------------------------------------------------------+-----
Axes           | 4 5 6 8 10 11 13 16 20 22 24 | 24.0
Fighting       | 4 5 7 10 13 16 19 20 | 20.1
Armour         | 3 4 5 6 9 10 11 15 17 20 | 20.0
Throwing       | 2 6 7 10 11 12 | 12.5
Dodging        | 4 6 7 8 10 13 | 13.3
Evocations     | 3 7 |  7.0

Action                     |  1- 3 |  4- 6 |  7- 9 | 10-12 | 13-15 | 16-18 | 19-21 || total
---------------------------+-------+-------+-------+-------+-------+-------+-------++-------
  Melee: Hand axe          |    71 |   135 |   284 |       |       |       |       ||   490
         Headbutt          |     9 |    21 |    85 |   112 |    91 |   192 |   106 ||   616
         Punch             |     1 |     3 |     7 |     5 |       |       |       ||    16
         War axe           |       |       |    77 |   473 |       |       |       ||   550
         Battleaxe         |       |       |       |    58 |   419 |   119 |       ||   596
         Executioner's axe |       |       |       |       |       |   745 |   434 ||  1179
  Throw: Javelin           |       |     4 |       |     3 |    13 |    43 |    18 ||    81
         Dart              |       |       |       |       |     4 |     4 |       ||     8
 Invoke: Berserk           |     1 |     5 |     5 |     9 |     3 |     4 |       ||    27
         Trog's Hand       |       |       |     3 |     3 |       |     3 |     1 ||    10
         Brothers in Arms  |       |       |       |       |       |     4 |     1 ||     5
  Evoke: Wand              |       |       |       |       |       |    10 |       ||    10
    Use: Scroll            |     1 |       |     6 |     5 |     8 |    10 |     3 ||    33
         Potion            |       |       |       |     1 |     2 |     4 |       ||     7
   Stab: Petrified         |       |       |       |       |     1 |       |       ||     1
         Distracted        |       |       |       |       |       |       |     2 ||     2
 Armour: Animal skin       |    12 |       |       |       |       |       |       ||    12
         Ring mail         |    26 |     2 |       |       |       |       |       ||    28
         Chain mail        |       |    62 |   190 |   350 |   306 |   748 |   369 ||  2025
  Dodge: Dodged            |    43 |    70 |   224 |   237 |   206 |   603 |   205 ||  1588
